MLB
SEATTLE MARINERS @ OAKLAND ATHLETICS
05/02/2099
 
TOP OF THE 1ST
Seattle Mariners batting - Pitching for Oakland Athletics : RHP Dylan Harrison
Pitching: RHP Dylan Harrison
Batting: LHB Juan Aranda 0-0: Foul Ball, location: 2F
0-1: Called Strike
0-2: Foul Ball, location: 7LSF
0-2: Ball
1-2: Foul Ball, location: 23F
1-2: Ball
2-2: Ground out 2-3 (Groundball, 2R, EV 68.8 MPH)
Batting: RHB Kenny Dahl 0-0: Called Strike
0-1: Ball
1-1: Ball
2-1: Swinging Strike
2-2: Strikes out swinging
Batting: LHB Keith Bundy 0-0: Fly out, F9 (Flyball, 9LS, EV 73.1 MPH)
Top of the 1st over - 0 runs, 0 hits, 0 errors, 0 left on base; Seattle 0 - Oakland 0
BOTTOM OF THE 1ST
Oakland Athletics batting - Pitching for Seattle Mariners : LHP John McWilliams
Pitching: LHP John McWilliams
Batting: LHB Ryan Tipton 0-0: Called Strike
0-1: Ball
1-1: Ball
2-1: Fly out, F8 (Flyball, 8LD, EV 98.1 MPH)
Batting: RHB Joey George 0-0: Ball
1-0: Ball
2-0: Ball
3-0: Base on Balls
Batting: LHB Pat Wilson 0-0: Foul Ball, location: 2F
0-1: Fly out, F9 (Flyball, 9D, EV 87.5 MPH)
Batting: LHB Ivan Suarez 0-0: Called Strike
0-1: Swinging Strike
0-2: Ball
1-2: Ball
2-2: Fly out, F7 (Flyball, 8LM, EV 86.9 MPH)
Bottom of the 1st over - 0 runs, 0 hits, 0 errors, 1 left on base; Seattle 0 - Oakland 0
TOP OF THE 2ND
Seattle Mariners batting - Pitching for Oakland Athletics : RHP Dylan Harrison
Batting: RHB Jaime Callahan 0-0: Called Strike
0-1: Ball
1-1: Foul Ball, location: 25F
1-2: Foul Ball, location: 2F
1-2: Ball
2-2: SINGLE (Groundball, 4MD, EV 100.6 MPH)
Batting: RHB Jonathan Becktell 0-0: Swinging Strike
0-1: Foul Ball, location: 5F
0-2: Ball
1-2: Foul Ball, location: 5FF
1-2: Fly out, F8 (Line Drive, 8LM, EV 111.3 MPH)
Batting: LHB Tim Larsen 0-0: Foul Ball, location: 2RF
0-1: Ground out 4-3 (Groundball, 34, EV 104.4 MPH)
Jaime Callahan to second
Batting: LHB Omar Perez 0-0: Ball
1-0: Foul Ball, location: 7LSF
1-1: Ball
2-1: Fly out, F7 (Line Drive, 78M, EV 104.4 MPH)
Top of the 2nd over - 0 runs, 1 hit, 0 errors, 1 left on base; Seattle 0 - Oakland 0
BOTTOM OF THE 2ND
Oakland Athletics batting - Pitching for Seattle Mariners : LHP John McWilliams
Batting: RHB Randy Fowler 0-0: Foul Ball, location: 2F
0-1: Swinging Strike
0-2: Ball
1-2: Ball
2-2: Foul Ball, location: 25F
2-2: Fly out, F8 (Flyball, 8RD, EV 101.3 MPH)
Batting: LHB Steve Tocci 0-0: Ball
1-0: Called Strike
1-1: Foul Ball, location: 2F
1-2: Ball
2-2: Strikes out looking
Batting: RHB David Reichel 0-0: Called Strike
0-1: Foul Ball, location: 2F
0-2: SINGLE (Groundball, 6MD, EV 100.0 MPH)
Batting: LHB Gene Del Vecchio 0-0: Called Strike
0-1: Ball
1-1: Ball
2-1: Ball
3-1: Ground out 4-3 (Groundball, 4, EV 81.9 MPH)
Bottom of the 2nd over - 0 runs, 1 hit, 0 errors, 1 left on base; Seattle 0 - Oakland 0
TOP OF THE 3RD
Seattle Mariners batting - Pitching for Oakland Athletics : RHP Dylan Harrison
Batting: LHB Jon Garza 0-0: Called Strike
0-1: Ball
1-1: Ball
2-1: Foul Ball, location: 7LMF
2-2: Ball
3-2: Fly out, F6 (Line Drive, 6, EV 67.5 MPH)
Batting: RHB Brad Bargfrede 0-0: Fly out, F7 (Flyball, 7, EV 88.8 MPH)
Batting: LHB Juan Aranda 0-0: Called Strike
0-1: Swinging Strike
0-2: Ball
1-2: Foul Ball, location: 2F
1-2: Strikes out swinging
Top of the 3rd over - 0 runs, 0 hits, 0 errors, 0 left on base; Seattle 0 - Oakland 0
BOTTOM OF THE 3RD
Oakland Athletics batting - Pitching for Seattle Mariners : LHP John McWilliams
Batting: RHB Tom Karr 0-0: Called Strike
0-1: Called Strike
0-2: Hit by Pitch
Batting: LHB Ryan Tipton 0-0: Ball
1-0: Bunted foul
1-1: Bunt missed!
1-2: Ball
2-2: Ball
3-2: Grounds into double play, 6-4-3 (Groundball, 6, EV 76.9 MPH)
Batting: RHB Joey George 0-0: Ball
1-0: Ball
2-0: Called Strike
2-1: Ball
3-1: Foul Ball, location: 9LSF
3-2: Base on Balls
Batting: LHB Pat Wilson 0-0: Called Strike
0-1: Called Strike
0-2: Foul Ball, location: 2LF
0-2: Ball
1-2: SINGLE (Line Drive, 9LS, EV 97.5 MPH)
Joey George to second
Runner from 2nd tries for 3rd, SAFE, no throw by RF
Pinch Runner at 3rd Steve Witmer:
Batting: LHB Ivan Suarez 0-0: Called Strike
0-1: Ball
1-1: Fielders Choice at 2nd, 4-6 (Groundball, 4MD, EV 98.8 MPH)
Bottom of the 3rd over - 0 runs, 1 hit, 0 errors, 2 left on base; Seattle 0 - Oakland 0
TOP OF THE 4TH
Seattle Mariners batting - Pitching for Oakland Athletics : RHP Dylan Harrison
Now in LF: Kyle O'Connor
Batting: RHB Kenny Dahl 0-0: Ball
1-0: Ball
2-0: Foul Ball, location: 5SF
2-1: Fly out, F8 (Line Drive, 8LM, EV 85.6 MPH)
Batting: LHB Keith Bundy 0-0: Foul Ball, location: 3DF
0-1: SINGLE (Flyball, 78S, EV 98.1 MPH)
Batting: RHB Jaime Callahan 0-0: SINGLE (Line Drive, 34, EV 93.8 MPH)
Keith Bundy to second
Batting: RHB Jonathan Becktell 0-0: Ball
1-0: Foul Ball, location: 2F
1-1: Ball
2-1: Called Strike
2-2: Fly out, F8 (Flyball, 89D, EV 88.1 MPH)
Batting: LHB Tim Larsen 0-0: Called Strike
0-1: Ball
1-1: Ball
2-1: Foul Ball, location: 2F
2-2: Foul Ball, location: 2LF
2-2: Reached on error, E6 (Groundball, 6, EV 104.4 MPH)
Keith Bundy to third
Jaime Callahan to second
Batting: LHB Omar Perez 0-0: Ball
1-0: Fly out, F8 (Flyball, 8RM, EV 94.4 MPH)
Top of the 4th over - 0 runs, 2 hits, 1 error, 3 left on base; Seattle 0 - Oakland 0
BOTTOM OF THE 4TH
Oakland Athletics batting - Pitching for Seattle Mariners : LHP John McWilliams
Pitching: RHP Mike Hartnagel
Batting: RHB Randy Fowler 0-0: Ball
1-0: Ball
2-0: Swinging Strike
2-1: Ball
3-1: Base on Balls
Batting: LHB Steve Tocci 0-0: Ball
1-0: Called Strike
1-1: Called Strike
1-2: Strikes out looking
Batting: RHB David Reichel 0-0: Swinging Strike
0-1: Ball
1-1: Ball
2-1: Grounds into double play, 6-4-3 (Groundball, 6, EV 82.5 MPH)
Bottom of the 4th over - 0 runs, 0 hits, 0 errors, 0 left on base; Seattle 0 - Oakland 0
TOP OF THE 5TH
Seattle Mariners batting - Pitching for Oakland Athletics : RHP Dylan Harrison
Batting: LHB Jon Garza 0-0: Called Strike
0-1: Ball
1-1: Ground out 6-3 (Groundball, 6MD, EV 105.0 MPH)
Batting: RHB Brad Bargfrede 0-0: Ball
1-0: Ball
2-0: Swinging Strike
2-1: Ground out 1-3 (Groundball, 15, EV 66.3 MPH)
Batting: LHB Juan Aranda 0-0: Ball
1-0: Ball
2-0: Called Strike
2-1: Foul Ball, location: 2F
2-2: Ball
3-2: DOUBLE (Flyball, 89D, EV 106.3 MPH)
Batting: RHB Kenny Dahl 0-0: Called Strike
0-1: Ball
1-1: Foul Ball, location: 2F
1-2: Strikes out swinging
Top of the 5th over - 0 runs, 1 hit, 0 errors, 1 left on base; Seattle 0 - Oakland 0
BOTTOM OF THE 5TH
Oakland Athletics batting - Pitching for Seattle Mariners : RHP Mike Hartnagel
Batting: LHB Gene Del Vecchio 0-0: Ground out 6-3 (Groundball, 56, EV 88.8 MPH)
Batting: RHB Tom Karr 0-0: Ball
1-0: Ball
2-0: Ground out 6-3 (Groundball, 6, EV 103.8 MPH)
Batting: LHB Ryan Tipton 0-0: Ball
1-0: TRIPLE (Flyball, 89XD, EV 100.6 MPH)
Batting: LHB Kyle O'Connor 0-0: Ball
1-0: Ball
2-0: Swinging Strike
2-1: Ball
3-1: Called Strike
3-2: Foul Ball, location: 2F
3-2: Base on Balls
Pitching: RHP Ernie Lydon
Batting: LHB Pat Wilson 0-0: SINGLE (Groundball, 34, EV 79.4 MPH) (infield hit)
Ryan Tipton scores
Kyle O'Connor to second
Batting: LHB Ivan Suarez 0-0: Ground out U3 (Groundball, 3L, EV 86.9 MPH)
Bottom of the 5th over - 1 run, 2 hits, 0 errors, 2 left on base; Seattle 0 - Oakland 1
TOP OF THE 6TH
Seattle Mariners batting - Pitching for Oakland Athletics : RHP Dylan Harrison
Batting: LHB Keith Bundy 0-0: Ball
1-0: Foul Ball, location: 5DF
1-1: Ball
2-1: Ball
3-1: Called Strike
3-2: Strikes out swinging, 2-3 out at first.
Batting: RHB Jaime Callahan 0-0: Swinging Strike
0-1: Ball
1-1: Ball
2-1: Foul Ball, location: 2LF
2-2: Foul Ball, location: 2F
2-2: Foul Ball, location: 3SF
2-2: Ball
3-2: Strikes out swinging
Batting: RHB Jonathan Becktell 0-0: Called Strike
0-1: Foul Ball, location: 23F
0-2: Ground out 6-3 (Groundball, 6, EV 80.6 MPH)
Top of the 6th over - 0 runs, 0 hits, 0 errors, 0 left on base; Seattle 0 - Oakland 1
BOTTOM OF THE 6TH
Oakland Athletics batting - Pitching for Seattle Mariners : RHP Ernie Lydon
Batting: RHB Randy Fowler 0-0: Ball
1-0: Ball
2-0: Ball
3-0: Called Strike
3-1: Base on Balls
Batting: LHB Steve Tocci 0-0: Called Strike
0-1: Ball
1-1: Foul Ball, location: 3FF
1-2: Ball
2-2: Ball
3-2: Grounds into double play, 1-6-3 (Groundball, 13S, EV 66.3 MPH)
Batting: RHB David Reichel 0-0: Foul Ball, location: 2F
0-1: Swinging Strike
0-2: Foul Ball, location: 23FF
0-2: Ball
1-2: Ball
2-2: Fly out, F8 (Flyball, 8RD, EV 94.4 MPH)
Bottom of the 6th over - 0 runs, 0 hits, 0 errors, 0 left on base; Seattle 0 - Oakland 1
TOP OF THE 7TH
Seattle Mariners batting - Pitching for Oakland Athletics : RHP Dylan Harrison
Batting: LHB Tim Larsen 0-0: Called Strike
0-1: Fly out, F4 (Popup, 3D, EV 41.3 MPH)
Batting: LHB Omar Perez 0-0: Foul Ball, location: 23FF
0-1: Ball
1-1: Ball
2-1: SOLO HOME RUN (Flyball, 7D, EV 100.0 MPH), Distance : 388 ft
Batting: LHB Jon Garza 0-0: Called Strike
0-1: Called Strike
0-2: Strikes out swinging
Batting: RHB Brad Bargfrede 0-0: Foul Ball, location: 9LSF
0-1: Foul Ball, location: 2LF
0-2: Strikes out swinging
Top of the 7th over - 1 run, 1 hit, 0 errors, 0 left on base; Seattle 1 - Oakland 1
BOTTOM OF THE 7TH
Oakland Athletics batting - Pitching for Seattle Mariners : RHP Ernie Lydon
Batting: LHB Gene Del Vecchio 0-0: Called Strike
0-1: Ball
1-1: Ball
2-1: Foul Ball, location: 2F
2-2: Strikes out looking
Pinch Hitting: SHB Aaron Champion 0-0: Ball
1-0: Fly out, F7 (Flyball, 7, EV 85.0 MPH)
Pitching: LHP Jose Rebolloso
Batting: LHB Ryan Tipton 0-0: Called Strike
0-1: Ball
1-1: Called Strike
1-2: Foul Ball, location: 3FF
1-2: Ball
2-2: Ball
3-2: Foul Ball, location: 2F
3-2: Foul Ball, location: 3F
3-2: Fly out, F9 (Flyball, 9D, EV 112.5 MPH)
Bottom of the 7th over - 0 runs, 0 hits, 0 errors, 0 left on base; Seattle 1 - Oakland 1
TOP OF THE 8TH
Seattle Mariners batting - Pitching for Oakland Athletics : RHP Dylan Harrison
Pitching: LHP Justin Thomas
Now at 3B: Aaron Champion
Pinch Hitting: SHB John Brownfield 0-0: Ball
1-0: Fly out, F7 (Line Drive, 78D, EV 94.4 MPH)
Batting: RHB Kenny Dahl 0-0: Ball
1-0: SINGLE (Line Drive, 9LS, EV 96.9 MPH)
Batting: RHB Anton Ortega 0-0: Swinging Strike
0-1: Called Strike
0-2: Foul Ball, location: 2F
0-2: Ball
1-2: Fly out, F3 (Popup, 3SF, EV 74.4 MPH)
Batting: RHB Jaime Callahan 0-0: Ball
1-0: Foul Ball, location: 2F
1-1: Foul Ball, location: 5F
1-2: Strikes out swinging
Top of the 8th over - 0 runs, 1 hit, 0 errors, 1 left on base; Seattle 1 - Oakland 1
BOTTOM OF THE 8TH
Oakland Athletics batting - Pitching for Seattle Mariners : LHP Jose Rebolloso
Now at 1B: John Brownfield
Now in LF: Omar Perez
Now in RF: Jaime Callahan
Batting: LHB Kyle O'Connor 0-0: Swinging Strike
0-1: Foul Ball, location: 3FF
0-2: Ball
1-2: Strikes out swinging
Batting: LHB Pat Wilson 0-0: SINGLE (Line Drive, 8RS, EV 106.3 MPH)
Batting: LHB Ivan Suarez 0-0: Ball
1-0: Called Strike
1-1: Fly out, F8 (Flyball, 8RM, EV 93.1 MPH)
Pitching: RHP Tony Soto
Batting: RHB Randy Fowler 0-0: Called Strike
0-1: Called Strike
0-2: Strikes out looking
Bottom of the 8th over - 0 runs, 1 hit, 0 errors, 1 left on base; Seattle 1 - Oakland 1
TOP OF THE 9TH
Seattle Mariners batting - Pitching for Oakland Athletics : LHP Justin Thomas
Batting: RHB Jonathan Becktell 0-0: Called Strike
0-1: Ball
1-1: Foul Ball, location: 2F
1-2: SINGLE (Line Drive, 78S, EV 105.6 MPH)
Pinch Hitting: RHB Ron Stephenson 0-0: Ball
1-0: Called Strike
1-1: Foul Ball, location: 2F
1-2: Grounds into double play, 6-4-3 (Groundball, 6, EV 88.8 MPH)
Batting: LHB Omar Perez 0-0: Ball
1-0: Swinging Strike
1-1: Ball
2-1: Swinging Strike
2-2: Ball
3-2: Foul Ball, location: 7LSFF
3-2: Foul Ball, location: 7LMF
3-2: Foul Ball, location: 3SF
3-2: Ground out U3 (Groundball, 3L, EV 105.0 MPH)
Top of the 9th over - 0 runs, 1 hit, 0 errors, 0 left on base; Seattle 1 - Oakland 1
BOTTOM OF THE 9TH
Oakland Athletics batting - Pitching for Seattle Mariners : RHP Tony Soto
Now at SS: Joe Weber
Batting: LHB Steve Tocci 0-0: Ball
1-0: Ball
2-0: Foul Ball, location: 2F
2-1: SINGLE (Line Drive, 78M, EV 105.6 MPH)
Batting: RHB David Reichel 0-0: Grounds into double play, 5-4-3 (Groundball, 56, EV 83.1 MPH)
Batting: LHB Gene Del Vecchio 0-0: Swinging Strike
0-1: Swinging Strike
0-2: Ball
1-2: Foul Ball, location: 23F
1-2: Strikes out swinging
Bottom of the 9th over - 0 runs, 1 hit, 0 errors, 0 left on base; Seattle 1 - Oakland 1
TOP OF THE 10TH
Seattle Mariners batting - Pitching for Oakland Athletics : LHP Justin Thomas
Pitching: RHP Jim Watson
Batting: LHB Jon Garza 0-0: Ball
1-0: Foul Ball, location: 25F
1-1: Foul Ball, location: 3SF
1-2: Ball
2-2: Hit by Pitch
Batting: RHB Brad Bargfrede 0-0: SINGLE (Flyball, 89S, EV 93.8 MPH)
Jon Garza to second
Runner from 2nd tries for 3rd, SAFE, throw by RF made to third
Batting: SHB John Brownfield 0-0: Ball
1-0: Ball
2-0: Foul Ball, location: 9LMF
2-1: Fly out, F9 (Flyball, 89S, EV 92.5 MPH)
Runner from 3rd tags up, OUT at HOME! 9-2
Brad Bargfrede to second
Batting: RHB Kenny Dahl 0-0: Ball
1-0: Ground out 6-3 (Groundball, 6, EV 86.3 MPH)
Top of the 10th over - 0 runs, 1 hit, 0 errors, 1 left on base; Seattle 1 - Oakland 1
BOTTOM OF THE 10TH
Oakland Athletics batting - Pitching for Seattle Mariners : RHP Tony Soto
Batting: SHB Aaron Champion 0-0: Foul Ball, location: 2F
0-1: Ball
1-1: Foul Ball, location: 2F
1-2: Strikes out swinging
Pitching: RHP Tom Kingman
Batting: LHB Ryan Tipton 0-0: Ball
1-0: Called Strike
1-1: Ground out 6-3 (Groundball, 6, EV 83.1 MPH)
Batting: LHB Kyle O'Connor 0-0: Ball
1-0: Ball
2-0: Called Strike
2-1: Swinging Strike
2-2: Strikes out swinging
Bottom of the 10th over - 0 runs, 0 hits, 0 errors, 0 left on base; Seattle 1 - Oakland 1
TOP OF THE 11TH
Seattle Mariners batting - Pitching for Oakland Athletics : RHP Jim Watson
Batting: RHB Anton Ortega 0-0: Swinging Strike
0-1: Ball
1-1: Swinging Strike
1-2: Ball
2-2: Fly out, F5 (Popup, 15, EV 85.6 MPH)
Batting: RHB Jaime Callahan 0-0: Swinging Strike
0-1: Swinging Strike
0-2: Strikes out swinging
Batting: RHB Jonathan Becktell 0-0: Ball
1-0: DOUBLE (Line Drive, 7LS, EV 101.3 MPH)
Batting: RHB Joe Weber 0-0: Ball
1-0: Called Strike
1-1: Ball
2-1: Ball
3-1: Ground out 5-3 (Groundball, 56S, EV 91.3 MPH)
Top of the 11th over - 0 runs, 1 hit, 0 errors, 1 left on base; Seattle 1 - Oakland 1
BOTTOM OF THE 11TH
Oakland Athletics batting - Pitching for Seattle Mariners : RHP Tom Kingman
Batting: LHB Pat Wilson 0-0: Fly out, F7 (Flyball, 7D, EV 110.6 MPH)
Batting: LHB Ivan Suarez 0-0: Called Strike
0-1: Foul Ball, location: 2F
0-2: Ball
1-2: Ball
2-2: SINGLE (Flyball, 8LS, EV 90.0 MPH)
Batting: RHB Randy Fowler 0-0: Called Strike
0-1: Ball
Ivan Suarez steals 2nd base
1-1: Foul Ball, location: 9LSF
1-2: Ball
2-2: Ball
3-2: Fly out, F9 (Flyball, 89M, EV 91.9 MPH)
Batting: LHB Steve Tocci 0-0: Intentional Walk
Batting: RHB David Reichel 0-0: Called Strike
0-1: Ball
1-1: Swinging Strike
1-2: Ball
2-2: Fly out, F8 (Line Drive, 8RM, EV 85.6 MPH)
Bottom of the 11th over - 0 runs, 1 hit, 0 errors, 2 left on base; Seattle 1 - Oakland 1
TOP OF THE 12TH
Seattle Mariners batting - Pitching for Oakland Athletics : RHP Jim Watson
Pitching: RHP Ken Iddiols
Batting: LHB Omar Perez 0-0: Called Strike
0-1: Foul Ball, location: 2F
0-2: SINGLE (Line Drive, 7S, EV 98.8 MPH)
Batting: LHB Jon Garza 0-0: Ball
1-0: Ball
2-0: Ball
3-0: Called Strike
3-1: Called Strike
3-2: Strikes out swinging
Batting: RHB Brad Bargfrede 0-0: Swinging Strike
0-1: Swinging Strike
0-2: Ball
1-2: Grounds into double play, 6-4-3 (Groundball, 6, EV 85.6 MPH)
Top of the 12th over - 0 runs, 1 hit, 0 errors, 0 left on base; Seattle 1 - Oakland 1
BOTTOM OF THE 12TH
Oakland Athletics batting - Pitching for Seattle Mariners : RHP Tom Kingman
Pinch Hitting: RHB Corey Springer 0-0: Ball
1-0: Foul Ball, location: 2F
1-1: Foul Ball, location: 2F
1-2: Ball
2-2: Ground out 6-3 (Groundball, 6, EV 100.0 MPH)
Batting: SHB Aaron Champion 0-0: Ball
1-0: Foul Ball, location: 5SF
1-1: Ball
2-1: Ball
3-1: Foul Ball, location: 5FF
3-2: SINGLE (Groundball, 6MD, EV 95.6 MPH)
Pitching: RHP Danny Enriquez
Batting: LHB Ryan Tipton 0-0: Called Strike
0-1: Called Strike
0-2: Ball
1-2: Ball
2-2: Fly out, F5 (Line Drive, 5, EV 70.0 MPH)
Batting: LHB Kyle O'Connor 0-0: Called Strike
0-1: Ball
1-1: Ball
2-1: Swinging Strike
2-2: Ball
3-2: Foul Ball, location: 9LMF
3-2: Base on Balls
Aaron Champion to second
Batting: LHB Pat Wilson 0-0: Foul Ball, location: 7LDF
0-1: Called Strike
0-2: Foul Ball, location: 3SF
0-2: 3-RUN HOME RUN (Flyball, 89XD, EV 108.1 MPH), Distance : 406 ft
Bottom of the 12th over - 3 runs, 2 hits, 0 errors, 0 left on base; Seattle 1 - Oakland 4
Sunday, May 5th , 2024 - OOTP Baseball 24.11 Build 85